 Dungeon Sprint DCSS version 0.19-a0-1922-g1e9a4c1 (webtiles) character file.

80 LORDOFBUTT the Covert (level 4, -5/22 HPs)
             Began as a Spriggan Assassin on Oct 24, 2016.
             Was an Initiate of Gozag.
             Slain by a troll (10 damage)
             ... in the Dungeon (Sprint IX: "|||||||||||||||||||||||||||||").
             The game lasted 00:01:11 (251 turns).

LORDOFBUTT the Covert (Spriggan Assassin)            Turns: 251, Time: 00:01:11

Health: -5/22      AC:  5    Str:  7    XL:     4   Next: 18%
Magic:  5/5        EV: 23    Int: 12    God:    Gozag
Gold:   0          SH:  0    Dex: 21    Spells: 0 memorised, 3 levels left

rFire  . . .     SeeInvis +     r - +2 rapier (distort)
rCold  . . .     Gourm    .     c - +0 robe
rNeg   . . .     Faith    .     (shield restricted)
rPois  .         Spirit   .     (helmet restricted)
rElec  .         Reflect  .     d - +0 cloak
rCorr  .         Harm     .     (gloves unavailable)
MR     .....     NoTele   +     (boots unavailable)
Stlth  +++++.....               (no amulet)
                                s - +3 ring of dexterity
                                a - +2 ring of protection

@: gold aura, very quick
A: unfitting armour, see invisible, herbivore 3, speed 3, slow metabolism 2
a: Potion Petition, Call Merchant, Bribe Branch, Renounce Religion


You were in the Dungeon.
You worshipped Gozag.
Gozag was noncommittal.
You were not hungry.

You visited 1 branch

Inventory:

Hand Weapons
 b - a +0 blowgun
 r - a +2 rapier of distortion (weapon)
Missiles
 e - 8 poisoned needles
 f - 2 curare-tipped needles
Armour
 c - a +0 robe (worn)
 d - a +0 cloak (worn)
Jewellery
 a - a +2 ring of protection (left hand)
 s - a +3 ring of dexterity (right hand)
Wands
 q - a wand of lightning (7/15)
Scrolls
 m - 2 scrolls of blinking
 o - 3 scrolls of remove curse
 p - 2 scrolls of amnesia
Potions
 h - a potion of invisibility
 i - 3 potions of heal wounds
 j - a potion of haste
 k - 4 potions of magic
 l - a potion of berserk rage
 n - 4 potions of curing
Comestibles
 g - a bread ration


   Skills:
 - Level 1.5 Fighting
 - Level 2.1 Short Blades
 - Level 2.0 Throwing
 + Level 6.8 Dodging
 * Level 11.7 Stealth


You had 3 spell levels left.
You didn't know any spells.

Dungeon Overview and Level Annotations

Branches:
Dungeon (1/1)

Altars:
Cheibriados
Dithmenos
Elyvilon
Fedhas
Gozag
Hepliaklqana
Kikubaaqudgha
Makhleb
Nemelex Xobeh
Okawaru
Qazlal
Ru
Sif Muna
Trog
Uskayaw
Vehumet
Xom
Yredelemnul
Zin
The Shining One
Beogh
Jiyva
Lugonu


Innate Abilities, Weirdness & Mutations

You are very small and have problems with some larger weapons.
You are too small for most types of armour.
You have supernaturally acute eyesight. (SInv)
You are a herbivore.
You cover ground extremely quickly.
You need consume almost no food.


Message History

Your Dodging skill increases to level 6!
Your Stealth skill gained 2 levels and is now at level 11!
You have reached level 4!
The iguana hisses angrily.
The worker ant twitches its antennae in your direction.
The troll shouts!
The troll bites you. The troll misses you. The troll closely misses you.
You hit the troll but do no damage.
Space warps horribly around the troll!
The troll is moderately wounded.
You hit the troll.
Space warps horribly around the troll!
The troll is almost dead.
The troll bites you!
Ouch! That really hurt!
* * * LOW HITPOINT WARNING * * *
The troll completely misses you. The troll misses you.
You barely miss the troll.
The troll is almost dead.
The troll closely misses you. The troll barely misses you. The troll claws you!
You die...
Your body crumbles into a pile of gold. $$$$$ $ $ $ $$$$$ $$$$$ $$ ▓▓▓▓▓▓▓▓▓▓▓▓▓▓▓▓▓▓▓▓▓▓▓▓ +.rYlaT@..[[[)|..'._____ ▓▓▓▓▓▓▓▓▓▓▓▓▓▓▓▓▓▓▓▓▓▓▓▓

You could see a troll, a sky beast, an iguana, a worker ant and a quokka.

Vanquished Creatures
  A scorpion (D)
  A worker ant (D)
  An orc (D)
  A bat skeleton (D)
  A giant cockroach (D)
  A hobgoblin (D)
  2 frilled lizards (D)
  2 goblins (D)
  A kobold (D)
11 creatures vanquished.

Notes
Turn   | Place    | Note
-------+----------+-------------------------------------------
     0 | D        | LORDOFBUTT the Spriggan Assassin began the quest for the Orb.
     0 | D        | Reached XP level 1. HP: 10/10 MP: 2/2
     6 | D        | Reached skill level 6 in Stealth
    12 | D        | Reached skill level 7 in Stealth
   140 | D        | Noticed a worker ant
   161 | D        | Killed a worker ant
   161 | D        | Reached skill level 5 in Dodging
   161 | D        | Reached skill level 9 in Stealth
   161 | D        | Reached XP level 2. HP: 11/14 MP: 3/3
   161 | D        | Reached XP level 3. HP: 15/18 MP: 4/4
   190 | D        | Found a roughly hewn altar of Beogh.
   190 | D        | Found a snail-covered altar of Cheibriados.
   190 | D        | Found a shadowy altar of Dithmenos.
   190 | D        | Found a white marble altar of Elyvilon.
   190 | D        | Found a blossoming altar of Fedhas.
   190 | D        | Found an opulent altar of Gozag.
   191 | D        | Found a hazy altar of Hepliaklqana.
   192 | D        | Found a viscous altar of Jiyva.
   193 | D        | Found an ancient bone altar of Kikubaaqudgha.
   194 | D        | Found a corrupted altar of Lugonu.
   195 | D        | Found a burning altar of Makhleb.
   196 | D        | Found a sparkling altar of Nemelex Xobeh.
   197 | D        | Found an iron altar of Okawaru.
   198 | D        | Found a stormy altar of Qazlal.
   200 | D        | Became a worshipper of Gozag Ym Sagoz the Greedy
   202 | D        | Found a sacrificial altar of Ru.
   203 | D        | Found a deep blue altar of Sif Muna.
   204 | D        | Found a bloodstained altar of Trog.
   205 | D        | Found a hide-covered altar of Uskayaw.
   206 | D        | Found a radiant altar of Vehumet.
   207 | D        | Found a shimmering altar of Xom.
   208 | D        | Found a basalt altar of Yredelemnul.
   209 | D        | Found a glowing silver altar of Zin.
   210 | D        | Found a glowing golden altar of the Shining One.
   246 | D        | Noticed a sky beast
   246 | D        | Noticed a troll
   246 | D        | Noticed a scorpion
   248 | D        | Killed a scorpion
   248 | D        | Reached skill level 11 in Stealth
   248 | D        | Reached XP level 4. HP: 22/22 MP: 5/5
   251 | D        | Slain by a troll

Vault maps used:
D:        linesprint

Skill      XL: |  1  2  3 |
---------------+----------+-----
Dodging        | 5 6 |  6.8
Stealth        | 9 11 | 11.7
Fighting       | |  1.5
Short Blades   | |  2.1
Throwing       | |  2.0

Action                   |  1- 3 |  4- 6 || total
-------------------------+-------+-------++-------
Melee: Dagger            |    25 |       ||    25
       Rapier            |     1 |     3 ||     4
 Fire: Blowgun           |     3 |       ||     3
  Use: Potion            |     1 |       ||     1
 Stab: Sleeping          |     2 |       ||     2
Armor: Robe              |     3 |       ||     3
Dodge: Dodged            |    17 |     6 ||    23
